[Event "Late-Titled-Tuesday-Blitz-June-18-2024"]
[Site "Chess.com"]
[Date "2024.06.18"]
[Round "4"]
[White "CoachVadim"]
[Black "newyorkmouse"]
[Result "0-1"]
[WhiteElo "2392"]
[BlackElo "2586"]
[TimeControl "180+1"]
[EndTime "14:41:13 PDT"]
[Termination "newyorkmouse won on time"]

1. Nf3 c5 2. g3 g6 3. Bg2 Bg7 4. O-O Nf6 5. d4 O-O 6. d5 e6 7. Nc3 d6 8. e4 exd5 9. exd5 Re8 10. h3 Nbd7 11. Bf4 Nh5 12. Bxd6 Qb6 13. Bxc5 Nxc5 14.
Rb1 Bd7 15. Qd2 Ne4 16. Nxe4 Rxe4 17. c3 Rae8 18. Nd4 R4e5 19. c4 Nf6 20. b4 Ne4 21. Qd3 Nxf2 22. Rxf2 Qxd4 23. Qxd4 Re1+ 24. Rf1 Bxd4+ 25.
Kh2 R1e2 26. Rbd1 Bc3 27. a3 Ra2 28. Rd3 Ree2 29. Rxc3 Rxg2+ 30. Kh1 Rh2+ 0-1

[Event "Late-Titled-Tuesday-Blitz-June-18-2024"]
[Site "Chess.com"]
[Date "2024.06.18"]
[Round "4"]
[White "cristiano78"]
[Black "jup1978"]
[Result "1/2-1/2"]
[WhiteElo "2223"]
[BlackElo "2458"]
[TimeControl "180+1"]
[EndTime "14:41:13 PDT"]
[Termination "Game drawn by repetition"]

1. d4 d5 2. c4 e6 3. Nf3 Nf6 4. Nc3 a6 5. Bg5 dxc4 6. a4 c5 7. e4 h6 8. Bxf6 gxf6 9. Bxc4 Nc6 10. d5 Na5 11. Ba2 Qb6 12. Qc2 c4 13. O-O Bd7 14.
dxe6 fxe6 15. e5 O-O-O 16. exf6 Kb8 17. Rad1 Bd6 18. Ne4 Bc6 19. Nxd6 Bxf3 20. gxf3 Rxd6 21. Rxd6 Qxd6 22. Qe4 e5 23. Bxc4 Nxc4 24. Qxc4 Qxf6 25. Qe4 Rg8+ 26. Kh1 Rg5 27. Rg1 Rf5 28. Rg7 Qxg7 29.
Qxf5 Ka7 30. b4 Qc7 31. Kg2 Qc3 32. b5 axb5 33. axb5 Qc5 34. f4 Qd5+ 35. Kg3 Qb3+ 36. f3 exf4+ 37. Qxf4 Qg8+ 38. Kh4 Qd8+ 39. Kh5 Qd5+ 40.
Kxh6 Qxb5 41. Qd4+ Ka6 42. f4 b6 43. Kg6 Qe8+ 44. Kf5 Qh5+ 45. Ke4 Qxh2 46. Qa4+ Kb7 47. Qd7+ Ka6 48. Qa4+ Kb7 49. Qd7+ Ka6 50. Qa4+ 1/2-1/2

[Event "Late-Titled-Tuesday-Blitz-June-18-2024"]
[Site "Chess.com"]
[Date "2024.06.18"]
[Round "4"]
[White "Andrey-Ivanov2011"]
[Black "Sanyura"]
[Result "0-1"]
[WhiteElo "2153"]
[BlackElo "2532"]
[TimeControl "180+1"]
[EndTime "14:41:14 PDT"]
[Termination "Sanyura won by resignation"]

1. e4 c5 2. Nf3 e6 3. d4 cxd4 4. Nxd4 Nf6 5. Nc3 Nc6 6. Be3 Bb4 7. Bd3 d5 8. exd5 Nxd5 9. O-O Nxe3 10. fxe3 Nxd4 11. exd4 Qxd4+ 12. Kh1 Bd7 13. Rxf7 O-O-O 14. a3 Bd6 15. Ne4 Bc7 16. Qf3 Bc6 17. Re1 Qxb2 18.
Rxc7+ Kxc7 19. Qg3+ e5 20. Qxg7+ Kb8 21. Nc5 Rhg8 22.
Qxe5+ Qxe5 23. Rxe5 Rxg2 24. Be4 Rxc2 25. Rg5 Rd1+ 26.
Rg1 Rxg1+ 27. Kxg1 Rxc5 28. Bxh7 Rc3 29. a4 Bxa4 30.
h4 Rh3 31. Be4 Rxh4 32. Bd3 Bc6 33. Kf2 b5 34. Ke1 a5 35. Kd2 Kc7 36. Kc2 Kb6 37. Kb2 b4 38. Bc2 a4 39. Bd1 Kc5 40. Be2 Rh2 41.
Ka1 Rxe2 42. Kb1 b3 43. Ka1 a3 0-1

[Event "Late-Titled-Tuesday-Blitz-June-18-2024"]
[Site "Chess.com"]
[Date "2024.06.18"]
[Round "4"]
[White "DishonorOnYourCow"]
[Black "ClauAmura"]
[Result "0-1"]
[WhiteElo "2500"]
[BlackElo "2362"]
[TimeControl "180+1"]
[EndTime "14:41:16 PDT"]
[Termination "ClauAmura won on time"]

1. d4 d5 2. c4 e6 3. Nf3 Nf6 4. Nc3 Nbd7 5. cxd5 exd5 6. Bf4 c6 7. e3 Nh5 8. Bg5 Be7 9. Bxe7 Qxe7 10. Be2 O-O 11.
O-O g6 12. Nd2 Ng7 13. Bd3 Nf6 14. Qc2 Bf5 15. Rab1 Bxd3 16. Qxd3 Nf5 17. b4 a6 18. a4 b5 19. axb5 axb5 20. Nb3 Nd6 21. Na5 Ra6 22.
Rfe1 Nc4 23. e4 Re8 24. Nxc4 bxc4 25. Qc2 dxe4 26. h3 Rb6 27. Na2 Qe6 28. Rbc1 Ra8 29. Re2 Nd5 30. Rxe4 Qf5 31. Re2 Nf4 32. Rd2 Qg5 33.
f3 Nxh3+ 34. Kh2 Nf4 35. Nc3 Rd8 36. Ne4 Qh4+ 37. Kg1 Rxb4 0-1

[Event "Late-Titled-Tuesday-Blitz-June-18-2024"]
[Site "Chess.com"]
[Date "2024.06.18"]
[Round "4"]
[White "js20000"]
[Black "GHANDEEVAM2003"]
[Result "0-1"]
[WhiteElo "2803"]
[BlackElo "2991"]
[TimeControl "180+1"]
[EndTime "14:41:17 PDT"]
[Termination "GHANDEEVAM2003 won by resignation"]

1. e4 c6 2. d4 d5 3. exd5 cxd5 4. Bd3 Nc6 5. c3 g6 6. Bf4 Bf5 7. Bxf5 gxf5 8. Nf3 Nf6 9. O-O Rg8 10. Ne5 e6 11.
Nd2 Nxe5 12. dxe5 Ne4 13. Qa4+ Qd7 14. Qxd7+ Kxd7 15. Nb3 Nc5 16. Rfd1 a5 17. c4 Nxb3 18. axb3 Kc6 19. cxd5+ exd5 20. Rac1+ Bc5 21. Be3 b6 22. Rd3 Rac8 23. Bd2 Rg4 24. Rf3 Kb5 25. Rxf5 Rd4 26. Be1 Re4 27. Kf1 Bb4 28. Rd1 Bxe1 29. Rxe1 Kb4 30. Rxf7 Kxb3 31. e6 Rxe1+ 32. Kxe1 Re8 33. e7 Kxb2 34. Kd2 b5 35. f4 a4 36. f5 a3 37.
f6 a2 38. Rf8 a1=Q 39. Rxe8 Qc1+ 40. Ke2 Qc2+ 41. Kf3 Qf5+ 42. Kg3 Qg6+ 0-1

[Event "Late-Titled-Tuesday-Blitz-June-18-2024"]
[Site "Chess.com"]
[Date "2024.06.18"]
[Round "4"]
[White "StoreySniper"]
[Black "yaguigor"]
[Result "0-1"]
[WhiteElo "2405"]
[BlackElo "2641"]
[TimeControl "180+1"]
[EndTime "14:41:17 PDT"]
[Termination "yaguigor won on time"]

1. d4 d5 2. Bf4 Nf6 3. e3 c5 4. Nd2 Nc6 5. Ngf3 cxd4 6. exd4 Bf5 7. c3 e6 8. Qb3 Qc8 9. Nh4 Be4 10. Nxe4 Nxe4 11.
Nf3 Bd6 12. Bxd6 Nxd6 13. Bd3 O-O 14. O-O Qc7 15. Qd1 h6 16. Qd2 b5 17. Qf4 Rfc8 18.
Qh4 Nc4 19. Bxc4 bxc4 20. Rae1 Rab8 21. Re2 Rb6 22. Rd1 Rcb8 23. Rdd2 R8b7 24. h3 Qb8 25. g4 Rxb2 26. g5 Rxd2 27. Rxd2 Qd8 28. Qh5 Rb1+ 29.
Kg2 Ne7 30. gxh6 Ng6 31. Qg4 gxh6 32. Ne5 Qf6 33. Nxg6 Qxg6 34. Qxg6+ fxg6 35. Re2 Kf7 36. Re3 Rb2 37. Rf3+ Ke7 38. Rg3 g5 39. h4 Rxa2 40. hxg5 hxg5 41. Rxg5 Kf6 42. Rh5 Rc2 43. Rh6+ Kf5 44.
Rh5+ Kg6 45. Rh3 a5 0-1

[Event "Late-Titled-Tuesday-Blitz-June-18-2024"]
[Site "Chess.com"]
[Date "2024.06.18"]
[Round "4"]
[White "Jimonios"]
[Black "sirinbaba33"]
[Result "0-1"]
[WhiteElo "2643"]
[BlackElo "2514"]
[TimeControl "180+1"]
[EndTime "14:41:18 PDT"]
[Termination "sirinbaba33 won by resignation"]

1. e4 c5 2. Nf3 e6 3. d4 cxd4 4. Nxd4 Nc6 5. Nc3 Qc7 6. Nxc6 dxc6 7. f4 e5 8. Qf3 Nf6 9. fxe5 Qxe5 10. Bf4 Qa5 11.
h3 Bb4 12. Bd2 O-O 13. Bd3 Qe5 14. O-O Bc5+ 15. Kh1 Bd6 16. Bf4 Qxf4 17. Qxf4 Bxf4 18.
Rxf4 Re8 19. a4 a5 20. Raf1 Re5 21. g4 h6 22. Kg2 Be6 23. Kg3 Rd8 24. Ne2 c5 25. b3 c4 26. bxc4 Rc8 27. Rb1 Rc7 28. Rb5 Nd7 29. Nd4 Bxc4 30. Bxc4 Rxc4 31. Nf5 Rxb5 32.
axb5 Ne5 33. Nd6 Rc3+ 34. Kg2 Rxc2+ 35. Kf1 a4 36. Kg1 a3 37. Rf1 a2 38. Nxb7 Nf3+ 39. Rxf3 a1=Q+ 40. Rf1 Qa7+ 0-1

[Event "Late-Titled-Tuesday-Blitz-June-18-2024"]
[Site "Chess.com"]
[Date "2024.06.18"]
[Round "4"]
[White "lukas_111111"]
[Black "pirulillo"]
[Result "1-0"]
[WhiteElo "2648"]
[BlackElo "2397"]
[TimeControl "180+1"]
[EndTime "14:41:18 PDT"]
[Termination "lukas_111111 won by resignation"]

1. d4 Nf6 2. g3 g6 3. Bg2 Bg7 4.
e4 d6 5. Ne2 Kf8 6. O-O Nbd7 7.
e5 Ne8 8. exd6 cxd6 9. c4 h5 10. Nbc3 h4 11. gxh4 Rxh4 12. Be3 Ndf6 13. Ng3 Ng4 14.
Bg5 Rh8 15. Nd5 f6 16. h3 Nh6 17. Bd2 g5 18. f4 g4 19. f5 gxh3 20. Bxh3 Nf7 21.
Nf4 Ng5 22. Ng6+ Kf7 23. Nxh8+ Bxh8 24. Qh5+ Kg8 25. Bxg5 fxg5 26. Qxg5+ Bg7 27. Nh5 Qb6 28. c5 dxc5 29. Rae1 Qh6 30. Qxh6 Bxh6 31. Rxe7 Ng7 32. Nxg7 Bxg7 33. f6 Bf8 34. Bxc8 Rxc8 35. Rxb7 cxd4 36.
Rd1 Bc5 37. Rd3 Bb6 38. Rg7+ Kf8 39. Kg2 Rc2+ 40. Kf1 Rxb2 41. Rh3 Rb1+ 42. Ke2 Rb2+ 43. Kd1 1-0

[Event "Late-Titled-Tuesday-Blitz-June-18-2024"]
[Site "Chess.com"]
[Date "2024.06.18"]
[Round "4"]
[White "Sl4werThanYou"]
[Black "Barboval"]
[Result "0-1"]
[WhiteElo "2698"]
[BlackElo "2547"]
[TimeControl "180+1"]
[EndTime "14:41:19 PDT"]
[Termination "Barboval won by checkmate"]

1. d4 Nf6 2. c4 e6 3. Nc3 Bb4 4.
g4 Nxg4 5. e4 Qh4 6. Qe2 Nc6 7.
Nf3 Qh5 8. Bg2 e5 9. d5 Nd4 10.
Nxd4 exd4 11. a3 Ba5 12. b4 dxc3 13. bxa5 d6 14. h3 Nf6 15. Bf3 Qe5 16. Rg1 Bxh3 17.
Rg5 Qh2 18. Rxg7 Rg8 19. Rxg8+ Nxg8 20. Kd1 O-O-O 21. Kc2 f5 22. Bg5 fxe4 23. Bg4+ Bxg4 24. Qxg4+ Rd7 25. Kxc3 Qe5+ 26. Kb3 Qxa1 27. Bd2 Qg7 28. Qh5 Qg6 29. Qh4 Ne7 30. Bc3 a6 31. Qf4 Qf5 32. Qg3 Ng6 33. Qe3 c6 34. Qa7 cxd5 35. Qa8+ Kc7 36. Bd4 dxc4+ 37. Kc2 Qxa5 38. Qa7 Ne5 39. Kd1 Nc6 40. Qa8 Nxd4 41. Qh8 Qa4+ 42. Ke1 Nf3+ 43. Ke2 Qc2+ 44. Kf1 Qd3+ 45. Kg2 c3 46. a4 c2 47. Qb2 Qc4 48. Qc1 Nd4 49.
a5 Nb3 50. Qe3 c1=Q 51. Qb6+ Kc8 52. Qa7 Qg8+ 53. Kh3 Qh6# 0-1

[Event "Late-Titled-Tuesday-Blitz-June-18-2024"]
[Site "Chess.com"]
[Date "2024.06.18"]
[Round "4"]
[White "sari07"]
[Black "pooh2012"]
[Result "0-1"]
[WhiteElo "2378"]
[BlackElo "2570"]
[TimeControl "180+1"]
[EndTime "14:41:20 PDT"]
[Termination "pooh2012 won by resignation"]

1. d4 Nf6 2. Nf3 e6 3. e3 c5 4. Bd3 b6 5. O-O Bb7 6. c4 Be7 7.
Nc3 cxd4 8. exd4 d5 9. cxd5 Nxd5 10. Ne5 O-O 11. Qh5 Nf6 12. Qh3 Qxd4 13. Bg5 h6 14.
Bxf6 Bxf6 15. Ng4 Rd8 16. Rad1 Qf4 17. Ne2 Qg5 18. f4 Qc5+ 19. Kh1 Nd7 20. Nxh6+ gxh6 21. Qxh6 Bg7 22. Qh7+ Kf8 23. f5 Nf6 24. Qh3 e5 25. Ng3 Ke7 26. Qh4 Rh8 27. Qg5 Rxh2+ 28. Kxh2 Rh8+ 0-1

[Event "Late-Titled-Tuesday-Blitz-June-18-2024"]
[Site "Chess.com"]
[Date "2024.06.18"]
[Round "4"]
[White "slidingknight2775"]
[Black "SHIVACalypso"]
[Result "0-1"]
[WhiteElo "2690"]
[BlackElo "2544"]
[TimeControl "180+1"]
[EndTime "14:41:21 PDT"]
[Termination "SHIVACalypso won by checkmate"]

1. d4 Nf6 2. c4 d6 3. Nf3 Nbd7 4. Nc3 e5 5. g3 exd4 6. Nxd4 Nc5 7. Bg2 Ne6 8. Nc2 Be7 9. O-O O-O 10. b3 a5 11. Qd2 Nc5 12. Rd1 Bf5 13. Ne3 Bg6 14. Ba3 Nfe4 15. Nxe4 Nxe4 16. Qe1 Bf6 17. Rac1 a4 18.
b4 Bg5 19. f4 Bh6 20. Ng4 f5 21. Nxh6+ gxh6 22. Bb2 Qe7 23. Bxe4 fxe4 24. Qc3 a3 25. Ba1 e3 26. Qh8+ Kf7 27. Qg7+ Ke8 28. Qxe7+ Kxe7 29. Rc3 Kd7 30. Rxe3 Rfe8 31. Rxe8 Rxe8 32. Kf2 Bh5 33. Rd2 Re4 34. Rc2 Bf7 35. Bg7 Rxc4 36. Rd2 Rxb4 37. Bxh6 Rb2 38. Rd3 Rxa2 39. f5 Bc4 40. Rc3 Rxe2+ 41.
Kf3 a2 42. Ra3 Re5 43. g4 b5 44. Bg7 b4 45. Bxe5 dxe5 46. Ra4 b3 47. f6 b2 48.
Rxc4 b1=Q 49. f7 Ke7 50. Rxc7+ Kf8 51. g5 Qf5+ 52. Ke2 a1=Q 53. g6 Qxg6 54. Rc8+ Kxf7 55.
Rc7+ Ke8 56. Rc8+ Kd7 57. Rc1 Qxc1 58. h4 Qe4+ 59. Kf2 Qcc2+ 60. Kf1 Qeg2+ 61. Ke1 Qge2# 0-1

[Event "Late-Titled-Tuesday-Blitz-June-18-2024"]
[Site "Chess.com"]
[Date "2024.06.18"]
[Round "4"]
[White "Jahonas"]
[Black "Journey_to_GrandMaster_YT"]
[Result "0-1"]
[WhiteElo "2400"]
[BlackElo "2626"]
[TimeControl "180+1"]
[EndTime "14:41:23 PDT"]
[Termination "Journey_to_GrandMaster_YT won by checkmate"]

1. e4 d6 2. Nf3 Nf6 3. Nc3 e5 4. d4 Nbd7 5. dxe5 dxe5 6. Bc4 Bb4 7. O-O O-O 8. Bg5 c6 9. a3 Bxc3 10. bxc3 h6 11. Bxf6 Qxf6 12. Qe2 Nc5 13. Nd2 Ne6 14. Bxe6 Bxe6 15. Rfd1 Rfd8 16. Nf1 Qg6 17. f3 f5 18. exf5 Bxf5 19. Qxe5 Bxc2 20. Rxd8+ Rxd8 21. Qc7 Re8 22.
Qxb7 a5 23. Qd7 h5 24. Rc1 Bb3 25. Ng3 h4 26. Qf5 Qh6 27. Qb1 Bd5 28. Nf5 Qd2 29.
Nd4 h3 30. gxh3 c5 31. Nf5 Bxf3 32. Qb3+ Kh8 33. Qc2 Re1+ 34. Rxe1 Qxe1# 0-1

[Event "Late-Titled-Tuesday-Blitz-June-18-2024"]
[Site "Chess.com"]
[Date "2024.06.18"]
[Round "4"]
[White "ploxoi"]
[Black "egnfanclub"]
[Result "1-0"]
[WhiteElo "2520"]
[BlackElo "2349"]
[TimeControl "180+1"]
[EndTime "14:41:23 PDT"]
[Termination "ploxoi won by resignation"]

1. d4 d5 2. Nf3 Nf6 3. c4 c6 4. g3 e6 5. Bg2 Bb4+ 6. Bd2 a5 7.
O-O O-O 8. Nc3 dxc4 9. Ne5 c5 10. dxc5 Bxc5 11. Nxc4 Nc6 12. Bf4 Qe7 13. Ne5 Nxe5 14.
Bxe5 Rd8 15. Qb3 Nd5 16. Rfd1 Nxc3 17. Rxd8+ Qxd8 18. Qxc3 Bf8 19. Rc1 h6 20. Bc7 Qg5 21. Bf4 Qb5 22. Qd2 Bd7 23. Rc7 Bc6 24. Bxc6 bxc6 25.
Qd7 Qxe2 26. Qxf7+ Kh8 27. Bxh6 Qd1+ 28. Kg2 Qd5+ 29.
Kh3 Qf5+ 30. Qxf5 exf5 31. Bd2 Rb8 32. Bc3 a4 33. a3 f4 34. gxf4 Re8 35. Rxc6 Re2 36.
Rc8 1-0

[Event "Late-Titled-Tuesday-Blitz-June-18-2024"]
[Site "Chess.com"]
[Date "2024.06.18"]
[Round "4"]
[White "Byniolus"]
[Black "ncofre98"]
[Result "1-0"]
[WhiteElo "2755"]
[BlackElo "2560"]
[TimeControl "180+1"]
[EndTime "14:41:24 PDT"]
[Termination "Byniolus won on time"]

1. d4 Nf6 2. Nf3 e6 3. Bf4 d5 4. e3 Bd6 5. Bg3 c5 6. Nbd2 Qc7 7. Be2 Nbd7 8. c4 cxd4 9. Nxd4 Bxg3 10. hxg3 O-O 11.
O-O dxc4 12. Nxc4 Ne5 13. Nb5 Qb8 14. Rc1 Bd7 15. Qb3 Nxc4 16. Rxc4 Bxb5 17. Qxb5 a6 18. Qb3 b5 19. Rc6 Qe5 20. Bf3 h5 21. Rfc1 Ra7 22. Qc3 Qb8 23. Qa5 g6 24. Rxa6 Rxa6 25. Qxa6 Qe5 26. b3 Kg7 27. Qb6 1-0

[Event "Late-Titled-Tuesday-Blitz-June-18-2024"]
[Site "Chess.com"]
[Date "2024.06.18"]
[Round "4"]
[White "JanistanTV"]
[Black "sansanathalia"]
[Result "0-1"]
[WhiteElo "2756"]
[BlackElo "2449"]
[TimeControl "180+1"]
[EndTime "14:41:24 PDT"]
[Termination "sansanathalia won by resignation"]

1. Nf3 Nf6 2. c4 e6 3. Nc3 d5 4. e3 Be7 5. b3 O-O 6. Bb2 b6 7.
g3 Bb7 8. Bg2 Nbd7 9. O-O c5 10.
Qe2 Rc8 11. Rfd1 Qc7 12. Rac1 Rfd8 13. cxd5 Nxd5 14. Nxd5 Bxd5 15. e4 Bb7 16. d4 Nf6 17. Ne5 Qb8 18. dxc5 Bxc5 19. a3 Bxa3 20. Rxd8+ Rxd8 21.
Bxa3 Qxe5 22. Bb2 Qa5 23. Rc7 Ba6 24. b4 Qa4 25. Qc2 Rd1+ 26. Bf1 Rxf1+ 27. Kg2 Qxc2 28. Rxc2 h6 29. Rc7 Rb1 30. Bxf6 gxf6 31. Rxa7 Bf1+ 32. Kf3 Rb3+ 0-1

[Event "Late-Titled-Tuesday-Blitz-June-18-2024"]
[Site "Chess.com"]
[Date "2024.06.18"]
[Round "4"]
[White "insatiable27"]
[Black "bob1263"]
[Result "0-1"]
[WhiteElo "2341"]
[BlackElo "2512"]
[TimeControl "180+1"]
[EndTime "14:41:24 PDT"]
[Termination "bob1263 won by resignation"]

1. e4 c5 2. Nf3 e6 3. b3 Nc6 4. Bb2 Nf6 5. e5 Nd5 6. Nc3 Nxc3 7. dxc3 Be7 8. Bd3 d6 9. exd6 Qxd6 10. c4 O-O 11. O-O b6 12. Qe2 Bb7 13. Rad1 Qc7 14. Qe4 g6 15. Qe3 Rfd8 16. Qh6 Bf8 17. Qh4 Bg7 18.
Bxg7 Kxg7 19. Ng5 h6 20. Ne4 Qe7 21. Qg3 Nd4 22. f4 Nf5 23. Qf2 Rd7 24. Qd2 Rad8 25. Qc3+ Nd4 26. Rde1 Bxe4 27. Rxe4 Qf6 28. Qe1 h5 29. Kh1 h4 30. Re3 Rd6 31. Rh3 Rh8 32. Qe5 Rd7 33. Qxf6+ Kxf6 34. g3 Rdd8 35. gxh4 Nf5 36.
Bxf5 Kxf5 37. Rd3 Rxd3 38. cxd3 Rxh4 39. Kg2 Rxf4 40. Re1 Rd4 41. Re3 e5 42. Kf3 g5 43. h3 f6 44. Kg3 Ke6 45. Rf3 f5 46. Re3 Kf6 47. Kf3 g4+ 48. Kg3 f4+ 0-1

[Event "Late-Titled-Tuesday-Blitz-June-18-2024"]
[Site "Chess.com"]
[Date "2024.06.18"]
[Round "4"]
[White "Hakiki_satranc"]
[Black "SocoLoco"]
[Result "1-0"]
[WhiteElo "2439"]
[BlackElo "2174"]
[TimeControl "180+1"]
[EndTime "14:41:24 PDT"]
[Termination "Hakiki_satranc won by resignation"]

1. Nf3 Nc6 2. g3 d5 3. Bg2 Bg4 4. c4 d4 5. b4 e6 6. b5 Nb8 7.
h3 Bxf3 8. Bxf3 c6 9. a4 Nf6 10. O-O Be7 11. d3 O-O 12. Bf4 Nfd7 13. a5 e5 14. Bc1 a6 15. e3 Qc8 16. exd4 exd4 17. Bf4 axb5 18. cxb5 cxb5 19. Re1 Bf6 20. Nd2 Nc6 21. Nb3 Re8 22. Qd2 Nde5 23. Bg2 Qf5 24. Bxe5 Bxe5 25. a6 Qf6 26. axb7 Rab8 27. Nc5 Qd6 28.
Rec1 g6 29. Na6 Ne7 30. Nxb8 Rxb8 31. Ra8 Nd5 32. Rxb8+ Qxb8 33. Rc8+ Kg7 34. Rxb8 Bxb8 35. Bxd5 1-0

[Event "Late-Titled-Tuesday-Blitz-June-18-2024"]
[Site "Chess.com"]
[Date "2024.06.18"]
[Round "4"]
[White "CristhianPortalR"]
[Black "jero888"]
[Result "1-0"]
[WhiteElo "2510"]
[BlackElo "2338"]
[TimeControl "180+1"]
[EndTime "14:41:26 PDT"]
[Termination "CristhianPortalR won on time"]

1. e4 c5 2. Nf3 d6 3. d4 cxd4 4.
Nxd4 Nf6 5. Nc3 Nc6 6. Bg5 Bd7 7. Be2 Qa5 8. Bxf6 gxf6 9. Nb3 Qg5 10. g3 f5 11. f4 Qg6 12. Bf3 Bg7 13. Qd3 Rc8 14. a3 O-O 15. O-O-O Bxc3 16. bxc3 Rc7 17. Rhg1 Rfc8 18.
g4 fxg4 19. Bxg4 Bxg4 20. h3 Qf6 21. Rxg4+ Kh8 22. Rdg1 b5 23. Rg7 b4 24. Qg3 Qg6 25. Rxg6 fxg6 26. axb4 Nxb4 27. Kb2 a5 28. Ra1 1-0

[Event "Late-Titled-Tuesday-Blitz-June-18-2024"]
[Site "Chess.com"]
[Date "2024.06.18"]
[Round "4"]
[White "champ2005"]
[Black "Crazy_girl99"]
[Result "1-0"]
[WhiteElo "3071"]
[BlackElo "2619"]
[TimeControl "180+1"]
[EndTime "14:41:27 PDT"]
[Termination "champ2005 won by resignation"]

1. e4 e5 2. Nc3 Nc6 3. g3 Nf6 4.
Bg2 Bc5 5. d3 d6 6. h3 h6 7. Nge2 O-O 8. O-O a6 9. Kh2 Re8 10. f4 Nd4 11. Nxd4 Bxd4 12. Qf3 b5 13.
Ne2 Nh7 14. Nxd4 exd4 15. g4 Qe7 16. Qg3 Bb7 17. Bd2 Nf8 18. h4 c5 19. g5 h5 20. f5 g6 21. Rae1 Rad8 22. fxg6 fxg6 23. Rf6 d5 24. e5 Bc8 25. Rd6 Rxd6 26. exd6 Qf7 27. Bxd5 Be6 28. Be4 Nd7 29. Kg1 Bf5 30. Rf1 Qe6 31. Bxf5 gxf5 32. Re1 Ne5 33. d7 Qxd7 34.
Rxe5 Rf8 35. Bf4 c4 36. Qf3 cxd3 37. cxd3 Qc8 38. Qd5+ Kh8 39. Re6 Rf7 40. Qe5+ Kh7 41. g6+ 1-0

[Event "Late-Titled-Tuesday-Blitz-June-18-2024"]
[Site "Chess.com"]
[Date "2024.06.18"]
[Round "4"]
[White "chess94cu"]
[Black "mfschulz"]
[Result "1-0"]
[WhiteElo "2627"]
[BlackElo "2212"]
[TimeControl "180+1"]
[EndTime "14:41:27 PDT"]
[Termination "chess94cu won on time"]

1. d4 Nf6 2. c4 c5 3. e3 g6 4.
Nc3 Bg7 5. d5 O-O 6. Nf3 e6 7.
Bd3 exd5 8. cxd5 d6 9. Nd2 Nbd7 10. O-O a6 11. a4 Rb8 12. e4 Re8 13. Re1 Ne5 14.
Bf1 Nfg4 15. h3 Qh4 16. hxg4 Bxg4 17. Be2 h5 18. Nf3 Bxf3 19. Bxf3 Ng4 20. Bxg4 hxg4 21. Bf4 Be5 22. Qd2 Kg7 23. Bxe5+ Rxe5 24. Ne2 Rh8 25.
Ng3 Qh2+ 26. Kf1 f5 27. Qf4 Kf7 28. Re3 Rh5 29. Rb3 b5 30. Re1 g5 31. Qd2 f4 32.
axb5 fxg3 33. bxa6 Qh1+ 34. Ke2 Rxe4+ 35. Kd1 Rxe1+ 36.
Qxe1 1-0

[Event "Late-Titled-Tuesday-Blitz-June-18-2024"]
[Site "Chess.com"]
[Date "2024.06.18"]
[Round "4"]
[White "Chempiblinka"]
[Black "WindWhistler11"]
[Result "1-0"]
[WhiteElo "2380"]
[BlackElo "2509"]
[TimeControl "180+1"]
[EndTime "14:41:27 PDT"]
[Termination "Chempiblinka won by resignation"]

1. Nf3 Nf6 2. g3 e6 3. Bg2 d5 4.
O-O g6 5. c4 Bg7 6. d4 O-O 7.
Nbd2 b6 8. b3 Re8 9. Bb2 a5 10.
e3 Na6 11. a3 Bb7 12. Ne5 c5 13. Rc1 Rc8 14. f4 Qe7 15. Qf3 Rc7 16. Qe2 Rec8 17. g4 dxc4 18. Ndxc4 Bxg2 19. Qxg2 Nd5 20. e4 b5 21. Nxa5 Nb6 22. d5 exd5 23. exd5 Qd6 24. Rcd1 c4 25. bxc4 bxc4 26. Nac6 Nc5 27. Bd4 Nd3 28.
Bxb6 Rb7 29. Nxc4 Qf6 30. Rxd3 Ra8 31. Bd4 Qh4 32. Bxg7 Kxg7 33. N4e5 Ra4 34. d6 h5 35.
d7 hxg4 36. d8=Q Qxd8 37. Nxd8 1-0

[Event "Late-Titled-Tuesday-Blitz-June-18-2024"]
[Site "Chess.com"]
[Date "2024.06.18"]
[Round "4"]
[White "kikoveiga"]
[Black "aranibos"]
[Result "1-0"]
[WhiteElo "2718"]
[BlackElo "2271"]
[TimeControl "180+1"]
[EndTime "14:41:27 PDT"]
[Termination "kikoveiga won on time"]

1. d4 d5 2. Bg5 c6 3. e3 h6 4. Bh4 Bf5 5. Nd2 Qb6 6. Rb1 Nd7 7. Ngf3 e6 8. Bd3 Bxd3 9. cxd3 Qa6 10. Qb3 Ngf6 11.
O-O Be7 12. e4 g5 13. Bg3 Nh5 14. Rfe1 Nxg3 15. hxg3 O-O 16. Nf1 Qb6 17. Qc2 Bf6 18.
e5 Bg7 19. Ne3 Rac8 20. b4 a5 21. a3 Qa6 22. Qc3 Ra8 23. Nd2 Rfc8 24. Nb3 b6 25.
Rec1 axb4 26. axb4 Qb7 27. f4 gxf4 28. gxf4 Kh8 29.
f5 Bf8 30. Rf1 c5 31. bxc5 Qc6 32. fxe6 Qxe6 33. Nf5 bxc5 34. dxc5 Nxc5 35. Nbd4 Qxe5 36. Rbe1 Ne4 37. Qb2 Rab8 38. Qe2 Bc5 39. dxe4 Bxd4+ 40. Kh1 dxe4 41. Qh5 Rb6 42. Qxf7 Rg8 43. Rd1 1-0

[Event "Late-Titled-Tuesday-Blitz-June-18-2024"]
[Site "Chess.com"]
[Date "2024.06.18"]
[Round "4"]
[White "jlf287"]
[Black "Connectedcloud"]
[Result "1-0"]
[WhiteElo "2515"]
[BlackElo "2344"]
[TimeControl "180+1"]
[EndTime "14:41:29 PDT"]
[Termination "jlf287 won by checkmate"]

1. d4 Nf6 2. c4 e6 3. Nc3 Bb4 4. Qc2 O-O 5. Nf3 c5 6. dxc5 Na6 7. g3 Nxc5 8. Bg2 Bxc3+ 9. Qxc3 Nce4 10. Qb4 d5 11. O-O a5 12. Qb3 Nc5 13. Qc2 b6 14. b3 dxc4 15. Qxc4 Ba6 16. Qc2 Rc8 17. Qb2 h6 18. Be3 Qe7 19. Rac1 Nd5 20. Bd4 f6 21.
Rfd1 Rfd8 22. Bh3 Rc7 23. Rc2 Rdc8 24. Qa3 Nb4 25. Bxc5 Rxc5 26. Rcd2 R8c6 27. Rd7 Qe8 28. Rd8 Bxe2 29. Rxe8+ Kf7 30. Nd4 Bxd1 31. Nxc6 Rxc6 32. Rd8 Bf3 33. Qb2 Rc2 34. Qb1 Be4 35. Qe1 Bf5 36. Bxf5 exf5 37. Qe8# 1-0

[Event "Late-Titled-Tuesday-Blitz-June-18-2024"]
[Site "Chess.com"]
[Date "2024.06.18"]
[Round "4"]
[White "Tolya2"]
[Black "Chessbard1972"]
[Result "1/2-1/2"]
[WhiteElo "2470"]
[BlackElo "2299"]
[TimeControl "180+1"]
[EndTime "14:41:29 PDT"]
[Termination "Game drawn - insufficient material"]

1. Nf3 Nf6 2. c4 g6 3. Nc3 Bg7 4. e4 d6 5. d4 O-O 6. Be2 Na6 7. h3 c5 8. Be3 cxd4 9. Nxd4 Nc5 10. Qc2 a5 11.
O-O a4 12. Rfd1 Qa5 13. Ndb5 Be6 14. f3 Nfd7 15. Nd5 Bxd5 16. exd5 Rac8 17. Bf1 Ne5 18.
Rab1 f5 19. b4 axb3 20. axb3 f4 21. Bf2 Na6 22. Nd4 Rf7 23. Ne6 Qb4 24. Be1 Qb6+ 25.
Bf2 Qb4 26. Qd2 Qxd2 27. Rxd2 Nc7 28. Nxg7 Kxg7 29. b4 Ne8 30. c5 Nf6 31. Rd4 g5 32. Rd2 Rff8 33. Ra1 Ra8 34. Rda2 Rxa2 35. Rxa2 Rd8 36.
Ra7 dxc5 37. Rxb7 cxb4 38. Rxe7+ Nf7 39. Rb7 Rxd5 40. Bc4 Rd1+ 41. Kh2 Nd5 42. Bxd5 Rxd5 43. Rxb4 Kg6 44. Rd4 Rxd4 45. Bxd4 Kf5 46. Bb6 h5 47. g4+ fxg3+ 48. Kxg3 Ne5 49. Bc7 Nd3 50. Bd6 Nc1 51. h4 Ne2+ 52. Kf2 Nf4 53. hxg5 Kxg5 54. Bxf4+ Kxf4 55. Kg2 h4 56. Kh3 Kxf3 57. Kxh4 1/2-1/2

[Event "Late-Titled-Tuesday-Blitz-June-18-2024"]
[Site "Chess.com"]
[Date "2024.06.18"]
[Round "4"]
[White "evgchess5"]
[Black "Pelusiansky"]
[Result "1/2-1/2"]
[WhiteElo "2912"]
[BlackElo "2573"]
[TimeControl "180+1"]
[EndTime "14:41:30 PDT"]
[Termination "Game drawn by repetition"]

1. e4 e5 2. Nf3 Nf6 3. Nxe5 d6 4. Nf3 Nxe4 5. d4 d5 6. Bd3 Bb4+ 7. c3 Bd6 8. O-O O-O 9. c4 c6 10. Re1 Re8 11. Nc3 Bf5 12. Qc2 Na6 13. a3 Bg4 14. Nxe4 dxe4 15. Rxe4 Bxf3 16. Rxe8+ Qxe8 17. gxf3 f5 18. c5 Bc7 19. Bxf5 Qh5 20. f4 Rf8 21. Be6+ Kh8 22. Be3 Bxf4 23. Bxf4 Rxf4 24. Re1 Nc7 25. Re5 Qh4 26. Bf5 Rxd4 27. Qe2 Qg5+ 28. Kf1 Qc1+ 29. Kg2 Qg5+ 30. Kf1 Qc1+ 31. Kg2 Qg5+ 32. Kf1 1/2-1/2

[Event "Late-Titled-Tuesday-Blitz-June-18-2024"]
[Site "Chess.com"]
[Date "2024.06.18"]
[Round "4"]
[White "N_I_Chess"]
[Black "GiorgianBarbosa"]
[Result "0-1"]
[WhiteElo "2331"]
[BlackElo "2503"]
[TimeControl "180+1"]
[EndTime "14:41:30 PDT"]
[Termination "GiorgianBarbosa won on time"]

1. d4 Nf6 2. c4 g6 3. Nc3 Bg7 4.
e4 O-O 5. f4 c5 6. d5 d6 7. Nf3 e6 8. Be2 exd5 9. cxd5 Re8 10. e5 Ng4 11. h3 Nh6 12. O-O Nf5 13. Re1 Nd7 14. e6 fxe6 15. dxe6 Nb6 16. Ng5 Nd4 17. Bg4 h6 18. Nf7 Qe7 19. f5 gxf5 20. Bh5 Kh7 21. Bf4 Bxe6 22. Nxd6 Red8 23. Qd3 Rxd6 24. Bxd6 Qxd6 25.
Rad1 Rg8 26. Qe3 Nd5 27. Nxd5 Bxd5 28. Kh1 Bf6 29. Rg1 Rg3 0-1